cohdb
Replays
Latest Replays
All Replays
Popular Replays
Top Player Replays
Match Explorer
How It Works
Community
CoH3 Stats
Reddit
Sign in to upload your games and track your stats! →
Sign in with Steam
Match 42500389
Unlisted
Match 42500389
Overview
Messages
Build Orders
End
Kradschützen Motorcycle Team
Panzergrenadier Squad
Panzergrenadier Squad
Construct Light Support Kompanie
MG34 Team
Fire Support Elements
Flakvierling Half-track
Selects Italian Infantry
Assault Mechanized Group
Pak 38 Anti-tank Gun Team
Construct Panzerarmee Kommand
Pak 38 Anti-tank Gun Team
Selects Guastatori Squad
Selects Registered Artillery
Panzer III L Medium Tank
Veteran Squad Leaders
Panzer III L Medium Tank
Panzer III L Medium Tank
Vehicle Survival Package
Selects Guastatori Squad
Selects Registered Artillery
Selects Towed Cannone da 105/28 Field Howitzer
Selects Defensive Operations
Selects Territory Booby Traps
Flak 36 Anti-tank Gun Team
Selects Obice 305mm Barrage
Obice 305mm Barrage
Emergency Repair Kits
Armored Reserves
Tungsten Core Ammunition
Registered Artillery
Tiger Heavy Tank
Obice 305mm Barrage
Obice 305mm Barrage
StuG Assault Group
Registered Artillery
Obice 305mm Barrage
Panzergrenadier Squad
Guastatori Squad
Saueee
peace
GoLdenCoBRaaa
3rdDUI
0
0
Comments
sign in to comment!
No comments posted yet!